 Dungeon Crawl Stone Soup version 0.23.2-40-g277498a001 (webtiles) character file.

Game seed: 4948798946210215189

84 OrcJesus the Sneak (level 4, -2/31 HPs)
             Began as an Octopode Fighter on Aug 24, 2019.
             Slain by an ice beast (14 damage)
             ... on level 3 of the Dungeon.
             The game lasted 00:05:54 (2384 turns).

OrcJesus the Sneak (Octopode Fighter)               Turns: 2384, Time: 00:05:54

Health: -2/31      AC:  1    Str: 20    XL:     4   Next: 45%
Magic:  4/4        EV: 11    Int: 11    God:
Gold:   156        SH:  9    Dex: 11    Spells: 3/3 levels left

rFire    . . .     SeeInvis .     - Unarmed
rCold    . . .     Gourm    .   a - +0 shield
rNeg     . . .     Faith    .   (helmet restricted)
rPois    .         Spirit   .   p - amulet of the acrobat
rElec    .         Reflect  .   (no ring)
rCorr    .         Harm     .   (no ring)
MR       .....                  (no ring)
Stlth    +++.......             (no ring)
HPRegen  0.10/turn              (no ring)
MPRegen  0.09/turn              (no ring)
                                (no ring)
                                (no ring)

@: mighty
A: almost no armour, stealthy swim, amphibious, 8 rings, constrict 8, camouflage
1, gelatinous body 1
a: no special abilities


You were on level 3 of the Dungeon.
You were very full.

You visited 1 branch of the dungeon, and saw 3 of its levels.

You collected 156 gold pieces.

Inventory:

Missiles
 q - a throwing net (quivered)
Armour
 a - a +0 shield (worn)
Jewellery
 p - an amulet of the acrobat (around mantle)
Scrolls
 e - a scroll of remove curse
 f - a scroll of blinking {unknown}
 g - a scroll of teleportation {unknown}
 h - a scroll of amnesia
 j - 3 scrolls of identify
 o - 2 scrolls of enchant armour {unknown}
Potions
 d - a potion of heal wounds {unknown}
 i - 2 potions of curing
 k - a potion of lignification {unknown}
 l - 6 potions of mutation {unknown}
 n - 2 potions of resistance {unknown}
Comestibles
 c - 7 rations
 m - 3 chunks of flesh


   Skills:
 - Level 3.0 Fighting
 - Level 3.0 Dodging
 - Level 4.0 Stealth
 + Level 3.6 Shields
 + Level 2.8 Unarmed Combat


You had 3 spell levels left.
You didn't know any spells.
Your spell library was empty.

Dungeon Overview and Level Annotations

Branches:
Dungeon (3/15)

Altars:
Nemelex Xobeh
Trog


Innate Abilities, Weirdness & Mutations

You cannot wear most types of armour.
You are very stealthy in the water. (Stealth+)
You are amphibious.
You can wear up to eight rings at the same time.
You can use your tentacles to constrict eight enemies at once.
Your skin changes colour to match your surroundings (Stealth+).
Your rubbery body absorbs attacks. (AC +1, EV +1)


Message History

You tentacle-slap the ice beast.
Your tentacle-slap misses the ice beast.
You squeeze the ice beast!
The ice beast is heavily wounded.
The ice beast misses you.
You closely miss the ice beast. Your squeeze misses the ice beast.
The ice beast is heavily wounded.
The ice beast barely misses you.
You bludgeon the ice beast!
The ice beast is severely wounded.
The ice beast hits you. The ice beast freezes you!
You tentacle-slap the ice beast. Your squeeze misses the ice beast.
The ice beast is severely wounded.
The adder hisses angrily.
The ice beast hits you. The ice beast freezes you.
You tentacle-slap the ice beast.
You squeeze the ice beast, but do no damage.
The ice beast is severely wounded.
The ice beast hits you. The ice beast freezes you!
You die...

# #.......#
##.....## #
####.#### ##...##
#.# ##+## #.# # #.#
.# #.# #.## ##.##
#...## ##...##
####.....#
##.....## #..@YS.%#
#.......###.####..#
#...........# ...
#.......###.......
# ##.....##
######.# ##...##
#####


You could see an ice beast and an adder.

Vanquished Creatures
  2 adders
  2 oozes (D:2)
  4 dart slugs
  A worm (D:2)
  A leopard gecko (D:2)
  A ball python (D:2)
  4 giant cockroaches
  2 goblins
  5 hobgoblins
  6 jackals
  A quokka (D:3)
  5 bats
  2 frilled lizards
  A kobold (D:2)
  11 rats
48 creatures vanquished.

Notes
Turn   | Place    | Note
-------+----------+-------------------------------------------
     0 | D:1      | OrcJesus the Octopode Fighter began the quest for the Orb.
     0 | D:1      | Reached XP level 1. HP: 16/16 MP: 1/1
    60 | D:1      | Reached skill level 1 in Stealth
    76 | D:1      | Reached skill level 2 in Stealth
    76 | D:1      | Reached XP level 2. HP: 12/21 MP: 2/2
   366 | D:1      | Reached skill level 3 in Stealth
  1016 | D:2      | Reached XP level 3. HP: 24/26 MP: 3/3
  1240 | D:2      | Reached skill level 4 in Stealth
  1353 | D:2      | Found a faded altar of an unknown god.
  1563 | D:2      | Reached XP level 4. HP: 28/31 MP: 4/4
  1610 | D:2      | Noticed a moth of wrath
  1613 | D:2      | Found a bloodstained altar of Trog.
  2058 | D:3      | Found a sparkling altar of Nemelex Xobeh.
  2376 | D:3      | Noticed an ice beast
  2384 | D:3      | Slain by an ice beast

Skill      XL: |  1  2  3 |
---------------+----------+-----
Stealth        | 2 3 4 |  4.0
Fighting       | |  3.0
Dodging        | |  3.0
Shields        | |  3.6
Unarmed Combat | |  2.8

Action                   |  1- 3 |  4- 6 || total
-------------------------+-------+-------++-------
Melee: Unarmed           |    69 |    34 ||   103
       Constrict         |    24 |     8 ||    32
       Tentacles         |    21 |     7 ||    28
       Punch             |     1 |       ||     1
  Use: Scroll            |     3 |       ||     3
       Potion            |       |     1 ||     1
 Stab: Sleeping          |    11 |     2 ||    13
  Eat: Chunk             |    13 |     2 ||    15
Armor: Skin              |     2 |     3 ||     5
Dodge: Dodged            |    27 |     8 ||    35
Block: Shield            |    28 |    13 ||    41
